 Dungeon Crawl Stone Soup version 0.20-a0-1009-gc986637 (webtiles) character file.

74 Ordine the Sneak (level 4, 3/34 HPs)
             Began as an Octopode Monk on Apr 15, 2017.
             Quit the game on level 2 of the Dungeon.
             The game lasted 00:04:08 (948 turns).

Ordine the Sneak (Octopode Monk)                     Turns: 948, Time: 00:04:09

Health: 3/34       AC:  1    Str:  7 (10) XL:     4   Next: 30%
Magic:  4/4        EV: 15    Int: 11 (13) God:
Gold:   88         SH:  0    Dex: 12 (14) Spells: 3/3 levels left

rFire    . . .     SeeInvis .   (no weapon)
rCold    . . .     Gourm    .   (no shield)
rNeg     . . .     Faith    .   (helmet restricted)
rPois    .         Spirit   .   (no amulet)
rElec    .         Reflect  .   (no ring)
rCorr    .         Harm     .   (no ring)
MR       .....                  (no ring)
Stlth    ++++......             (no ring)
Regen    0.2/turn               (no ring)
MPRegen  0.1/turn               (no ring)
                                (no ring)
                                (no ring)

@: lethally poisoned (3 -> 0), hasted, very quick
A: almost no armour, stealthy swim, amphibious, 8 rings, constrict 8, camouflage
1, gelatinous body 1
a: no special abilities


You were on level 2 of the Dungeon.
You were not hungry.

You visited 1 branch of the dungeon, and saw 2 of its levels.

You collected 88 gold pieces.

Inventory:

Jewellery
 e - an uncursed ring of magical power {unknown}
Scrolls
 h - a scroll of magic mapping
Comestibles
 a - a bread ration
 b - 3 chunks of flesh
 c - 2 meat rations
 f - a royal jelly


   Skills:
 + Level 4.8 Fighting
 + Level 4.6 Dodging
 + Level 6.0 Stealth


You had 3 spell levels left.
You didn't know any spells.

Dungeon Overview and Level Annotations

Branches:
Dungeon (2/15)

Altars:


Innate Abilities, Weirdness & Mutations

You cannot wear most types of armour.
You are very stealthy in the water. (Stealth+)
You are amphibious.
You can wear up to eight rings at the same time.
You can use your tentacles to constrict eight enemies at once.
Your skin changes colour to match your surroundings (Stealth+).
Your rubbery body absorbs attacks. (AC +1, EV +1)


Message History

The jackal is moderately wounded.
You constrict the jackal, but do no damage.
The jackal misses you. The rat misses you. The jackal closely misses you.
You tentacle-slap the jackal but do no damage.
The jackal is moderately wounded.
You constrict the jackal, but do no damage.
You feel sick. The jackal barely misses you. The jackal misses you.
The rat misses you.
You tentacle-slap the jackal but do no damage.
You squeeze the jackal, but do no damage.
The jackal is moderately wounded.
You constrict the jackal. The jackal barely misses you. The jackal bites you.
* * * LOW HITPOINT WARNING * * *
You tentacle-slap the jackal but do no damage.
The jackal is heavily wounded.
You constrict the jackal, but do no damage.
The rat misses you. The jackal closely misses you. The jackal misses you.
You aren't carrying any potions.
Unknown command.
Are you sure you want to abandon this character and quit the game? (Confirm with "yes".)

#...............#
#...............#
######........[.÷....#
.....................###
...............#####....
......†.####### #....
...........# #....
......rhh..# ##...
#####..@...# #...
#......##########...
#.)†...#.......##...
#......#.......##...
#......#.......##...
###...$..#.......##...
#....!...........##...
#........[.......##...
#.†..............##...


You could see 2 jackals and a rat.

Vanquished Creatures
  4 adders (D:2)
  A dart slug (D:2)
  5 leopard geckos
  A ball python (D:1)
  4 giant cockroaches
  2 goblins (D:2)
  3 hobgoblins
  3 jackals (D:2)
  2 kobolds
  2 bats
  A frilled lizard (D:1)
  2 rats
30 creatures vanquished.

Notes
Turn   | Place    | Note
-------+----------+-------------------------------------------
     0 | D:1      | Ordine the Octopode Monk began the quest for the Orb.
     0 | D:1      | Reached XP level 1. HP: 17/17 MP: 1/1
   285 | D:1      | Reached XP level 2. HP: 21/22 MP: 2/2
   744 | D:2      | Reached XP level 3. HP: 27/27 MP: 3/3
   918 | D:2      | Reached XP level 4. HP: 27/34 MP: 4/4
   938 | D:2      | Reached skill level 6 in Stealth
   948 | D:2      | Quit the game

Vault maps used:
D:1:      eino_arrival_water_star

Skill      XL: |  1  2  3  4 |
---------------+-------------+-----
Stealth        | 6 |  6.0
Fighting       | |  4.8
Dodging        | |  4.6

Action                   |  1- 3 |  4- 6 || total
-------------------------+-------+-------++-------
Melee: Unarmed           |    67 |    19 ||    86
       Constrict         |    28 |     3 ||    31
       Tentacles         |    18 |     3 ||    21
  Use: Scroll            |     3 |       ||     3
       Potion            |       |     3 ||     3
 Stab: Sleeping          |    11 |       ||    11
Armor: Skin              |     4 |     4 ||     8
Dodge: Dodged            |    39 |    35 ||    74
